 Dungeon Sprint DCSS version 0.23.0-3-gf3c87f2 (webtiles) character file.

Game seed: 13838440517179203727

58 nuthulu the Shield-Bearer (level 4, -9/31 HPs)
             Began as a Gargoyle Fighter on Feb 24, 2019.
             Splashed by an oklob sapling priest's acid (14 damage)
             ... in the Dungeon (Sprint IV: "Fedhas' Mad Dash").
             The game lasted 00:00:43 (215 turns).

nuthulu the Shield-Bearer (Gargoyle Fighter)         Turns: 215, Time: 00:00:44

Health: -9/31      AC: 12    Str: 21    XL:     4   Next: 2%
Magic:  3/4        EV:  7    Int:  8    God:
Gold:   47         SH: 10    Dex:  9    Spells: 3/3 levels left

rFire    . . .     SeeInvis .   a - +0 flail
rCold    . . .     Gourm    .   c - +0 shield
rNeg     + . .     Faith    .   b - +0 scale mail
rPois    ∞         Spirit   .   (no helmet)
rElec    +         Reflect  .   (no cloak)
rCorr    .         Harm     .   (no gloves)
MR       .....     NoTele   +   m - +0 pair of boots
Stlth    ..........             l - amulet of invisibility {+Inv}
HPRegen  0.10/turn              (no ring)
MPRegen  0.09/turn              (no ring)

@: very slightly contaminated, invisible (expiring)
A: negative energy resistance 1, electricity resistance, unbreathing,
petrification resistance, rot immunity, AC +3
a: no special abilities


You were in the Dungeon.
You were not hungry.

You visited 1 branch You collected 47 gold pieces.

Inventory:

Hand Weapons
 a - a +0 flail (weapon)
Armour
 b - a +0 scale mail (worn)
 c - a +0 shield (worn)
 m - a +0 pair of boots (worn)
Jewellery
 l - the amulet of invisibility (around neck) {+Inv}
   (You found it in the Dungeon)

   [amulet of nothing]

   It lets you turn invisible.
Scrolls
 k - a scroll of blinking
Potions
 d - a potion of might
 e - a potion of curing
 g - a potion of heal wounds
 h - a potion of haste
 i - 2 potions of magic
 j - a potion of berserk rage
Comestibles
 f - a ration


   Skills:
 + Level 5.2 Fighting
 + Level 4.1 Maces & Flails
 + Level 5.2 Armour
 + Level 5.2 Shields


You had 3 spell levels left.
You didn't know any spells.
Your spell library was empty.

Dungeon Overview and Level Annotations

Branches:
Dungeon (1/1)

Altars:
Cheibriados
Dithmenos
Elyvilon
Gozag
Hepliaklqana
Kikubaaqudgha
Makhleb
Nemelex Xobeh
Okawaru
Qazlal
Ru
Sif Muna
Trog
Uskayaw
Vehumet
Wu Jian
Xom
Yredelemnul
Zin
The Shining One
Beogh
Jiyva
Lugonu

Annotations:
D exclusion: oklob sapling


Innate Abilities, Weirdness & Mutations

You are resistant to torment.
Your stone body is resilient. (AC +3)
You are immune to poison.
You resist negative energy. (rN+)
You are resistant to electric shocks. (rElec)
You can survive without breathing.
You are immune to petrification.
You are immune to rotting.


Message History

Really walk into a travel-excluded area?
There is an open door here.
Found three altars.
Found two altars.
Found three altars.
Found a radiant altar of Vehumet and a corrupted altar of Lugonu.
There is a deep blue altar of Sif Muna here.
You hit the oklob sapling priest but do no damage.
You hit the oklob sapling priest.
The oklob sapling priest is moderately damaged.
The oklob sapling priest calls down the wrath of its god upon you.
Something smites you!
You hit the oklob sapling priest but do no damage.
The oklob sapling priest is moderately damaged.
You flicker for a moment.
The oklob sapling priest spits acid at you.
The splash of acid hits you!
* * * LOW HITPOINT WARNING * * *
You are splashed with acid!
You die...

########################
....#.....#.⌠._._._._.⌠.
†...+.#(..'.._._._._._..
....#.#...#..._._P_._...
########+##.._._@_._._..
#._._._._._.⌠.
##############


You could see an oklob sapling priest.

Vanquished Creatures
  An oklob sapling (D)
  A worker ant (D)
  A river rat (D)
  A rat (D)
4 creatures vanquished.

Notes
Turn   | Place    | Note
-------+----------+-------------------------------------------
     0 | D        | nuthulu the Gargoyle Fighter began the quest for the Orb.
     0 | D        | Reached XP level 1. HP: 14/14 MP: 1/1
     7 | D        | Reached XP level 2. HP: 20/20 MP: 2/2
    19 | D        | Noticed an oklob sapling
    24 | D        | Killed an oklob sapling
    24 | D        | Reached XP level 3. HP: 12/24 MP: 3/3
   167 | D        | Found the amulet of invisibility {+Inv}
   171 | D        | Reached skill level 5 in Fighting
   171 | D        | Reached skill level 5 in Armour
   171 | D        | Reached skill level 5 in Shields
   171 | D        | Reached XP level 4. HP: 30/31 MP: 4/4
   191 | D        | Found an opulent altar of Gozag.
   191 | D        | Found a hazy altar of Hepliaklqana.
   191 | D        | Found a burning altar of Makhleb.
   191 | D        | Found a sparkling altar of Nemelex Xobeh.
   191 | D        | Found a sacrificial altar of Ru.
   191 | D        | Found a deep blue altar of Sif Muna.
   191 | D        | Found an ornate altar of the Wu Jian Council.
   191 | D        | Found a shimmering altar of Xom.
   191 | D        | Found a basalt altar of Yredelemnul.
   192 | D        | Found a viscous altar of Jiyva.
   192 | D        | Found a roughly hewn altar of Beogh.
   192 | D        | Found a snail-covered altar of Cheibriados.
   192 | D        | Found a bloodstained altar of Trog.
   192 | D        | Noticed an oklob sapling priest
   207 | D        | Found a shadowy altar of Dithmenos.
   207 | D        | Found an iron altar of Okawaru.
   207 | D        | Found a glowing silver altar of Zin.
   208 | D        | Found an ancient bone altar of Kikubaaqudgha.
   208 | D        | Found a hide-covered altar of Uskayaw.
   209 | D        | Found a stormy altar of Qazlal.
   209 | D        | Found a glowing golden altar of the Shining One.
   209 | D        | Found a white marble altar of Elyvilon.
   210 | D        | Found a radiant altar of Vehumet.
   210 | D        | Found a corrupted altar of Lugonu.
   215 | D        | Splashed by an oklob sapling priest's acid

Skill      XL: |  1  2  3 |
---------------+----------+-----
Fighting       | 4 5 |  5.2
Armour         | 4 5 |  5.2
Shields        | 4 5 |  5.2
Maces & Flails | 3 4 |  4.1

Action                   |  1- 3 |  4- 6 || total
-------------------------+-------+-------++-------
Melee: Flail             |    11 |     3 ||    14
 Abil: Evoke Invisibilit |       |     1 ||     1
  Use: Scroll            |     1 |       ||     1
Armor: Scale mail        |     4 |       ||     4
Dodge: Dodged            |     3 |       ||     3
Block: Shield            |     3 |       ||     3
